General information
- name: BNet
- type: Ladder team game (AT/RT)
- host: Battle.net
- saver: MsY]DOGANDHORSE
map: Dragonblight
- players: 6
- length: 37:25
- speed: Fast
- version: 1.26 W3XP
- replay type:

» download(286 KB)
Players
team 1 (winner)
AngryAtTyler (
pink | 101 APM | 3767 actions | 37:24)
7 Blademaster
3 Wind Walk
3 Critical Strike
1 Mirror Image
» actions
| Assign group hotkey | 34 | |
| Basic commands | 25 | |
| Build / train | 79 | |
| ESC pressed | 2 | |
| Enter build submenu | 88 | |
| Enter hero's abilities submenu | 7 | |
| Give item / drop item | 2 | |
| Right click | 2087 | |
| Select / deselect | 318 | |
| Select group hotkey | 570 | |
| Use ability | 554 | |
3767 total
» units
» upgrades
| Spiked Barricades | 1 | |
| Ranged Weapons | 2 | |
| Liquid Fire | 1 | |
| Reinforced Defenses | 1 | |
5 total
» buildings
| Altar of Storms | 1 | |
| Orc Burrow | 3 | |
| War Mill | 1 | |
| Watch Tower | 67 | |
| Voodoo Lounge | 5 | |
| Stronghold | 1 | |
| Fortress | 1 | |
| Beastiary | 5 | |
| Great Hall | 1 | |
85 total
» build order
00:05 Altar of Storms
00:12 Orc Burrow
00:23 War Mill
02:00 Watch Tower
02:16 Watch Tower
02:26 Watch Tower
02:28 Watch Tower
02:53 Voodoo Lounge
02:56 Stronghold
03:09 Watch Tower
03:24 Watch Tower
03:41 Watch Tower
04:13 Voodoo Lounge
04:15 Voodoo Lounge
04:20 Watch Tower
04:34 Voodoo Lounge
04:36 Voodoo Lounge
04:46 Watch Tower
05:34 Watch Tower
05:37 Watch Tower
05:38 Fortress
06:04 Watch Tower
06:16 Watch Tower
07:04 Watch Tower
07:04 Watch Tower
07:11 Watch Tower
07:15 Watch Tower
07:20 Beastiary
08:08 Watch Tower
09:10 Watch Tower
09:15 Orc Burrow
09:21 Watch Tower
10:12 Beastiary
10:20 Watch Tower
11:21 Great Hall
11:24 Beastiary
11:27 Watch Tower
12:25 Orc Burrow
12:32 Watch Tower
12:35 Watch Tower
13:40 Watch Tower
13:46 Watch Tower
14:48 Watch Tower
14:58 Watch Tower
15:52 Watch Tower
15:55 Watch Tower
17:28 Watch Tower
17:29 Watch Tower
18:11 Watch Tower
18:12 Watch Tower
18:57 Watch Tower
18:58 Watch Tower
19:01 Watch Tower
19:20 Watch Tower
19:21 Watch Tower
20:18 Watch Tower
20:19 Watch Tower
20:30 Watch Tower
20:30 Watch Tower
21:35 Watch Tower
21:35 Watch Tower
21:38 Watch Tower
21:39 Watch Tower
23:08 Watch Tower
23:08 Watch Tower
23:12 Watch Tower
23:14 Watch Tower
23:19 Beastiary
23:20 Beastiary
25:57 Watch Tower
25:58 Watch Tower
25:59 Watch Tower
26:00 Watch Tower
26:07 Watch Tower
26:46 Watch Tower
26:47 Watch Tower
27:32 Watch Tower
27:33 Watch Tower
27:37 Watch Tower
27:44 Watch Tower
28:40 Watch Tower
28:41 Watch Tower
29:47 Watch Tower
29:47 Watch Tower
30:45 Watch Tower
» items
| Staff of Teleportation | 1 | |
| Boots of Speed | 1 | |
| Healing Salve | 2 | |
| Lesser Clarity Potion | 1 | |
| Potion of Healing | 1 | |
| Orb of Lightning | 1 | |
7 total
Birdeneering (
red | 125 APM | 4672 actions | 37:24)
6 Archmage
3 Blizzard
2 Brilliance Aura
1 Mass Teleport
5 Mountain King
3 Storm Bolt
2 Bash
4 Paladin
2 Holy Light
2 Divine Shield
» actions
| Assign group hotkey | 372 | |
| Basic commands | 27 | |
| Build / train | 142 | |
| Enter build submenu | 120 | |
| Enter hero's abilities submenu | 16 | |
| Give item / drop item | 6 | |
| Right click | 2043 | |
| Select / deselect | 441 | |
| Select group hotkey | 1005 | |
| Use ability | 500 | |
4672 total
» units
» upgrades
| Masonry | 3 | |
| Magic Sentry | 1 | |
| Lumber Harvesting | 2 | |
| Sorceress Training | 2 | |
8 total
» buildings
| Altar of Kings | 1 | |
| Lumber Mill | 1 | |
| Farm | 5 | |
| Scout Tower | 144 | |
| Arcane Tower | 4 | |
| Guard Tower | 60 | |
| Keep | 1 | |
| Arcane Vault | 3 | |
| Castle | 1 | |
| Arcane Sanctum | 1 | |
| Town Hall | 2 | |
223 total
» build order
00:08 Altar of Kings
00:19 Lumber Mill
00:34 Farm
00:48 Farm
01:33 Scout Tower
02:00 Farm
02:08 Arcane Tower
02:08 Scout Tower
02:17 Scout Tower
02:39 Guard Tower
02:40 Scout Tower
02:45 Scout Tower
02:50 Guard Tower
02:51 Scout Tower
04:17 Guard Tower
04:18 Scout Tower
04:21 Scout Tower
04:21 Guard Tower
04:22 Keep
04:24 Arcane Tower
04:32 Farm
04:46 Guard Tower
04:47 Guard Tower
04:48 Arcane Vault
04:50 Guard Tower
04:50 Guard Tower
04:50 Guard Tower
04:51 Scout Tower
06:44 Scout Tower
06:45 Scout Tower
06:47 Scout Tower
06:48 Scout Tower
06:51 Scout Tower
06:52 Scout Tower
08:02 Guard Tower
08:03 Scout Tower
08:49 Scout Tower
08:52 Scout Tower
08:53 Scout Tower
08:55 Scout Tower
08:56 Scout Tower
09:00 Arcane Vault
09:23 Castle
09:26 Guard Tower
09:27 Scout Tower
09:31 Arcane Sanctum
09:49 Guard Tower
09:51 Scout Tower
09:52 Scout Tower
10:02 Guard Tower
10:06 Scout Tower
11:18 Farm
11:21 Scout Tower
11:23 Guard Tower
11:25 Scout Tower
12:50 Guard Tower
12:52 Scout Tower
12:58 Scout Tower
13:00 Scout Tower
13:02 Scout Tower
13:05 Scout Tower
13:06 Scout Tower
13:06 Scout Tower
13:25 Guard Tower
13:27 Scout Tower
13:28 Scout Tower
13:37 Scout Tower
13:40 Scout Tower
14:37 Guard Tower
14:44 Scout Tower
14:48 Scout Tower
14:58 Guard Tower
15:13 Arcane Tower
15:21 Scout Tower
15:22 Scout Tower
15:38 Guard Tower
15:41 Scout Tower
15:45 Arcane Tower
15:52 Arcane Vault
16:27 Guard Tower
16:31 Scout Tower
16:32 Scout Tower
16:33 Scout Tower
18:04 Scout Tower
18:04 Scout Tower
18:14 Guard Tower
18:18 Scout Tower
18:19 Scout Tower
18:20 Scout Tower
18:20 Scout Tower
18:56 Scout Tower
19:05 Guard Tower
19:08 Scout Tower
19:14 Scout Tower
19:15 Scout Tower
19:15 Scout Tower
19:16 Scout Tower
19:17 Scout Tower
19:17 Scout Tower
19:33 Scout Tower
19:34 Scout Tower
19:35 Scout Tower
19:35 Scout Tower
19:37 Scout Tower
19:39 Scout Tower
19:39 Scout Tower
19:40 Scout Tower
19:41 Scout Tower
19:59 Guard Tower
20:00 Guard Tower
20:09 Guard Tower
20:12 Scout Tower
20:13 Scout Tower
20:13 Scout Tower
20:14 Scout Tower
20:15 Scout Tower
20:16 Scout Tower
20:19 Scout Tower
20:20 Scout Tower
20:20 Scout Tower
20:21 Scout Tower
20:30 Guard Tower
20:41 Scout Tower
20:42 Scout Tower
20:42 Scout Tower
20:43 Scout Tower
20:43 Scout Tower
20:44 Scout Tower
20:45 Guard Tower
20:48 Guard Tower
20:59 Guard Tower
21:03 Town Hall
21:07 Guard Tower
21:10 Guard Tower
21:23 Guard Tower
21:30 Guard Tower
21:32 Scout Tower
21:33 Scout Tower
22:14 Guard Tower
22:18 Scout Tower
22:19 Scout Tower
23:00 Guard Tower
23:02 Scout Tower
23:03 Scout Tower
23:42 Guard Tower
24:10 Scout Tower
24:13 Scout Tower
24:13 Scout Tower
24:14 Scout Tower
24:15 Scout Tower
24:48 Scout Tower
25:05 Guard Tower
25:25 Guard Tower
25:26 Scout Tower
25:27 Scout Tower
25:30 Guard Tower
25:35 Guard Tower
25:55 Scout Tower
25:56 Scout Tower
25:58 Scout Tower
25:59 Scout Tower
26:40 Guard Tower
26:44 Scout Tower
26:44 Scout Tower
26:47 Scout Tower
26:48 Scout Tower
27:00 Guard Tower
27:18 Scout Tower
27:19 Guard Tower
27:44 Scout Tower
27:44 Scout Tower
27:45 Scout Tower
27:46 Scout Tower
27:47 Scout Tower
27:48 Scout Tower
29:20 Guard Tower
29:50 Guard Tower
29:55 Scout Tower
29:56 Scout Tower
30:07 Guard Tower
30:08 Scout Tower
30:09 Scout Tower
32:48 Scout Tower
32:49 Scout Tower
32:50 Scout Tower
32:50 Scout Tower
32:51 Scout Tower
32:52 Scout Tower
32:58 Scout Tower
32:59 Scout Tower
33:00 Scout Tower
33:00 Scout Tower
33:02 Scout Tower
33:02 Scout Tower
33:13 Town Hall
33:18 Scout Tower
33:19 Scout Tower
33:19 Scout Tower
33:20 Scout Tower
33:24 Scout Tower
33:25 Scout Tower
33:27 Scout Tower
33:28 Scout Tower
33:28 Scout Tower
33:30 Guard Tower
35:11 Guard Tower
35:18 Guard Tower
35:19 Guard Tower
35:19 Guard Tower
35:27 Guard Tower
35:27 Guard Tower
35:27 Guard Tower
35:31 Scout Tower
35:32 Scout Tower
35:35 Guard Tower
35:37 Scout Tower
35:37 Scout Tower
35:41 Guard Tower
35:43 Scout Tower
35:53 Guard Tower
36:35 Guard Tower
» items
| Healing Salve | 2 | |
| Lesser Clarity Potion | 2 | |
| Boots of Speed | 3 | |
| Staff of Teleportation | 3 | |
| Circlet of Nobility | 1 | |
| Orb of Lightning | 3 | |
| Staff of Sanctuary | 3 | |
| Scroll of Town Portal | 1 | |
18 total
MsY]DOGANDHORSE (
purple | 98 APM | 3656 actions | 37:25)
4 Warden
2 Shadow Strike
2 Blink
4 Pandaren Brewmaster
2 Breath of Fire
2 Drunken Haze
» actions
| Assign group hotkey | 12 | |
| Basic commands | 5 | |
| Build / train | 79 | |
| Enter build submenu | 25 | |
| Enter hero's abilities submenu | 8 | |
| Give item / drop item | 5 | |
| Right click | 2468 | |
| Select / deselect | 440 | |
| Select group hotkey | 434 | |
| Use ability | 180 | |
3656 total
» units
| Wisp | 29 | |
| Goblin Zeppelin | 1 | |
| Hippogryph | 6 | |
36 total
» upgrades
| Ultravision | 1 | |
| Strength of the Wild | 3 | |
| Nature's Blessing | 1 | |
| Well Spring | 1 | |
| Reinforced Hides | 1 | |
7 total
» buildings
| Altar of Elders | 4 | |
| Moon Well | 12 | |
| Tree of Ages | 2 | |
| Hunter's Hall | 1 | |
| Tree of Life | 6 | |
| Ancient of Wonders | 1 | |
| Tree of Eternity | 1 | |
| Ancient of Wind | 2 | |
29 total
» build order
00:26 Altar of Elders
00:28 Altar of Elders
00:32 Moon Well
02:54 Moon Well
03:55 Tree of Ages
04:15 Moon Well
04:17 Moon Well
04:31 Hunter's Hall
08:03 Tree of Life
14:01 Altar of Elders
14:30 Tree of Ages
15:01 Tree of Life
18:45 Ancient of Wonders
18:50 Tree of Life
19:00 Moon Well
19:01 Moon Well
19:03 Moon Well
19:04 Moon Well
19:29 Tree of Eternity
24:42 Moon Well
24:43 Moon Well
24:43 Moon Well
24:44 Moon Well
26:05 Tree of Life
26:14 Altar of Elders
28:13 Ancient of Wind
28:14 Ancient of Wind
37:03 Tree of Life
37:05 Tree of Life
» items
| Healing Salve | 3 | |
| Lesser Clarity Potion | 8 | |
| Orb of Lightning | 1 | |
| Boots of Speed | 2 | |
| Staff of Teleportation | 2 | |
| Staff of Sanctuary | 2 | |
| Orb of Venom | 1 | |
| Potion of Healing | 3 | |
22 total
team 2 (loser)
boshi (
orange | 114 APM | 4179 actions | 36:46)
5 Mountain King
3 Storm Bolt
2 Thunder Clap
4 Paladin
2 Holy Light
2 Divine Shield
» actions
| Assign group hotkey | 57 | |
| Basic commands | 106 | |
| Build / train | 116 | |
| ESC pressed | 2 | |
| Enter build submenu | 50 | |
| Enter hero's abilities submenu | 9 | |
| Give item / drop item | 1 | |
| Right click | 1434 | |
| Select / deselect | 895 | |
| Select group hotkey | 1353 | |
| Use ability | 156 | |
4179 total
» units
| Peasant | 26 | |
| Footman | 6 | |
| Mortar Team | 1 | |
| Priest | 3 | |
| Dragonhawk Rider | 16 | |
| Spell Breaker | 1 | |
53 total
» upgrades
| Lumber Harvesting | 2 | |
| Defend | 1 | |
| Masonry | 3 | |
| Magic Sentry | 1 | |
| Priest Training | 2 | |
| Armor | 3 | |
| Cloud | 1 | |
| Animal War Training | 1 | |
| Swords | 2 | |
16 total
» buildings
| Altar of Kings | 1 | |
| Barracks | 1 | |
| Farm | 11 | |
| Scout Tower | 27 | |
| Arcane Tower | 3 | |
| Keep | 4 | |
| Lumber Mill | 1 | |
| Guard Tower | 14 | |
| Blacksmith | 1 | |
| Arcane Vault | 2 | |
| Workshop | 1 | |
| Arcane Sanctum | 1 | |
| Town Hall | 1 | |
| Castle | 1 | |
| Gryphon Aviary | 3 | |
72 total
» build order
00:07 Altar of Kings
00:19 Barracks
00:34 Farm
01:04 Farm
01:37 Farm
01:56 Scout Tower
02:22 Arcane Tower
03:40 Keep
03:40 Keep
03:41 Keep
04:12 Lumber Mill
04:14 Farm
04:32 Scout Tower
05:00 Arcane Tower
05:03 Scout Tower
05:31 Guard Tower
05:33 Scout Tower
06:00 Scout Tower
06:01 Scout Tower
06:07 Guard Tower
06:08 Scout Tower
06:36 Blacksmith
06:46 Scout Tower
07:52 Arcane Vault
07:54 Arcane Vault
07:59 Workshop
08:15 Guard Tower
08:16 Scout Tower
08:37 Farm
09:04 Arcane Sanctum
10:20 Farm
10:59 Scout Tower
11:00 Scout Tower
11:03 Scout Tower
11:07 Scout Tower
11:12 Scout Tower
11:12 Scout Tower
11:25 Guard Tower
11:42 Guard Tower
11:53 Guard Tower
11:54 Guard Tower
12:25 Guard Tower
12:26 Guard Tower
13:28 Town Hall
13:30 Scout Tower
13:30 Scout Tower
13:31 Scout Tower
13:31 Scout Tower
13:31 Scout Tower
14:12 Guard Tower
14:50 Castle
14:53 Guard Tower
15:15 Gryphon Aviary
15:30 Gryphon Aviary
16:10 Gryphon Aviary
16:20 Farm
16:21 Farm
18:22 Farm
19:23 Farm
20:55 Farm
21:00 Scout Tower
21:12 Scout Tower
22:01 Guard Tower
22:02 Scout Tower
22:04 Scout Tower
22:30 Guard Tower
35:58 Scout Tower
35:59 Scout Tower
36:00 Scout Tower
36:27 Arcane Tower
» items
| Dust of Appearance | 1 | |
| Scroll of Regeneration | 1 | |
| Lesser Clarity Potion | 3 | |
| Scroll of Town Portal | 2 | |
| Potion of Healing | 1 | |
| Scroll of Protection | 1 | |
| Scroll of Healing | 1 | |
10 total
DR.SmiRnoff(oO) (
blue | 51 APM | 1892 actions | 37:23)
4 Death Knight
2 Death Coil
2 Unholy Aura
» actions
| Assign group hotkey | 39 | |
| Basic commands | 28 | |
| Build / train | 77 | |
| Enter build submenu | 26 | |
| Enter hero's abilities submenu | 4 | |
| Remove unit from queue | 1 | |
| Right click | 710 | |
| Select / deselect | 336 | |
| Select group hotkey | 622 | |
| Use ability | 49 | |
1892 total
» units
| Acolyte | 2 | |
| Ghoul | 5 | |
| Crypt Fiend | 15 | |
| Meatwagon | 14 | |
| Frost Wyrm | 11 | |
| Gargoyle | 7 | |
| Obsidian Statue | 1 | |
55 total
» upgrades
| Web | 1 | |
| Freezing Breath | 1 | |
| Unholy Strength | 2 | |
4 total
» buildings
| Ziggurat | 12 | |
| Altar of Darkness | 1 | |
| Graveyard | 1 | |
| Crypt | 1 | |
| Tomb of Relics | 1 | |
| Nerubian Tower | 4 | |
| Halls of the Dead | 1 | |
| Black Citadel | 1 | |
| Slaughterhouse | 1 | |
| Sacrificial Pit | 1 | |
| Spirit Tower | 4 | |
| Boneyard | 2 | |
30 total
» build order
00:20 Ziggurat
00:25 Altar of Darkness
01:03 Graveyard
01:07 Crypt
01:25 Tomb of Relics
01:30 Ziggurat
02:15 Ziggurat
02:59 Nerubian Tower
03:00 Nerubian Tower
04:09 Ziggurat
04:31 Halls of the Dead
07:02 Black Citadel
07:47 Slaughterhouse
07:52 Sacrificial Pit
08:45 Ziggurat
08:47 Ziggurat
08:49 Spirit Tower
08:51 Spirit Tower
09:32 Boneyard
10:31 Boneyard
10:37 Nerubian Tower
11:12 Ziggurat
11:15 Spirit Tower
11:27 Ziggurat
12:19 Spirit Tower
12:24 Nerubian Tower
28:25 Ziggurat
28:28 Ziggurat
36:15 Ziggurat
36:17 Ziggurat
» items
mentalpatient (
teal | 62 APM | 2297 actions | 37:19)
4 Death Knight
2 Death Coil
2 Unholy Aura
3 Crypt Lord
2 Carrion Beetles
1 Spiked Carapace
2 Lich
1 Frost Nova
1 Frost Armor
» actions
| Assign group hotkey | 38 | |
| Basic commands | 2 | |
| Build / train | 87 | |
| Enter build submenu | 27 | |
| Enter hero's abilities submenu | 9 | |
| Right click | 914 | |
| Select / deselect | 504 | |
| Select group hotkey | 639 | |
| Use ability | 77 | |
2297 total
» units
| Acolyte | 15 | |
| Ghoul | 10 | |
| Crypt Fiend | 13 | |
| Blue Dragon | 2 | |
| Gargoyle | 1 | |
| Abomination | 1 | |
| Frost Wyrm | 5 | |
| Obsidian Statue | 1 | |
48 total
» upgrades
| Web | 1 | |
| Creature Attack | 2 | |
| Unholy Strength | 2 | |
| Unholy Armor | 2 | |
| Creature Carapace | 2 | |
9 total
» buildings
| Crypt | 1 | |
| Ziggurat | 14 | |
| Altar of Darkness | 1 | |
| Nerubian Tower | 2 | |
| Graveyard | 1 | |
| Spirit Tower | 10 | |
| Halls of the Dead | 1 | |
| Slaughterhouse | 1 | |
| Sacrificial Pit | 1 | |
| Necropolis | 1 | |
| Black Citadel | 1 | |
| Tomb of Relics | 1 | |
| Boneyard | 1 | |
36 total
» build order
00:08 Crypt
00:10 Ziggurat
00:56 Altar of Darkness
00:58 Ziggurat
01:18 Nerubian Tower
02:14 Graveyard
02:48 Ziggurat
04:10 Ziggurat
04:14 Spirit Tower
05:40 Halls of the Dead
07:04 Ziggurat
08:07 Slaughterhouse
08:09 Sacrificial Pit
08:45 Ziggurat
11:02 Spirit Tower
11:04 Spirit Tower
12:22 Necropolis
12:24 Ziggurat
12:42 Ziggurat
13:21 Spirit Tower
13:24 Ziggurat
13:42 Nerubian Tower
14:16 Spirit Tower
14:18 Spirit Tower
14:18 Spirit Tower
14:43 Black Citadel
16:05 Tomb of Relics
17:50 Boneyard
22:43 Ziggurat
22:45 Ziggurat
22:46 Ziggurat
22:47 Ziggurat
22:48 Ziggurat
26:52 Spirit Tower
26:54 Spirit Tower
28:11 Spirit Tower
» items
| Scroll of Town Portal | 1 | |
| Potion of Healing | 1 | |
| Orb of Corruption | 1 | |
3 total
Chat log
(01:41 / All) Birdeneering: hey boys!
(01:51 / All) Birdeneering: you guys have to wait there's someone at the DOO
(01:54 / All) Birdeneering: manner up please
(01:56 / All) Birdeneering: this is imprtant
(01:58 / All) mentalpatient: no deal
(01:58 / All) Birdeneering: if we don't get this fucking pizza
(02:02 / All) Birdeneering: you will pay
(02:14 / All) Birdeneering: I am not fucking around here I'm hungry
(02:21 / All) DR.SmiRnoff(oO): hahaha
(02:24 / All) AngryAtTyler: can we stop this imaturiety..
(02:29 / All) AngryAtTyler: pls
(02:30 / All) mentalpatient: i aint waiting for u
(02:33 / All) AngryAtTyler: then what
(02:38 / All) Birdeneering: what does that have to do with pizza please manner up
(02:55 / All) Birdeneering: I NEED THIS FUCKING PIZZA???
(03:06 / All) AngryAtTyler: hold on i leave wallet upstares
(03:18 / All) Birdeneering: pleas this pizza
(03:22 / All) Birdeneering: blue
(03:30 / All) AngryAtTyler: hold on
(03:31 / All) AngryAtTyler: 1 sec pls
(03:46 / All) AngryAtTyler: wait
(03:49 / All) mentalpatient: GET LOST
(11:40 / All) mentalpatient: you fucks have maphack
(11:43 / All) MsY]DOGANDHORSE: LOL!!
(11:44 / All) mentalpatient: get the fuck out of here
(11:46 / All) MsY]DOGANDHORSE: what makes you think this
(11:46 / All) Birdeneering: or skills
(11:48 / All) Birdeneering: and NO PIZZA
(11:50 / All) MsY]DOGANDHORSE: that you're bad?
(11:52 / All) MsY]DOGANDHORSE: and we're good?
(20:10 / All) MsY]DOGANDHORSE: LOL
(20:11 / All) MsY]DOGANDHORSE: blue
(20:12 / All) MsY]DOGANDHORSE: why did you tp
(20:16 / All) MsY]DOGANDHORSE: please explain your actions
(20:27 / All) MsY]DOGANDHORSE: when your retard brain recognizes danger do you just hit 7777777
(31:33 / All) MsY]DOGANDHORSE: gg
(31:35 / All) Birdeneering: gg scrubbies
(31:40 / All) Birdeneering: should have let us get the pizza
(31:45 / All) MsY]DOGANDHORSE: im so fucking hungry
(33:45 / All) Birdeneering: why didn't you let us pause??
(33:50 / All) mentalpatient: squelch
(33:52 / All) MsY]DOGANDHORSE: LOL
(33:55 / All) Birdeneering: why?
(33:58 / All) Birdeneering: this is your fault
(34:21 / All) MsY]DOGANDHORSE: lmao
(34:25 / All) Birdeneering: should have let us pause orange
(34:32 / All) Birdeneering: your mk survives if I have pizza
(35:10 / All) MsY]DOGANDHORSE: teal
(35:16 / All) MsY]DOGANDHORSE: squelching is amazing
(35:19 / All) MsY]DOGANDHORSE: it means you're so angry about losing
(35:23 / All) MsY]DOGANDHORSE: that you can't stand listening
(36:29 / All) MsY]DOGANDHORSE: lol
(36:49 / All) MsY]DOGANDHORSE: LOL
(36:50 / All) MsY]DOGANDHORSE: lol
(36:50 / All) Birdeneering: In a world with no manners...
(36:51 / All) MsY]DOGANDHORSE: lol
(36:51 / All) MsY]DOGANDHORSE: Lol
(36:55 / All) Birdeneering: One man wants to get his pizza
(36:56 / All) MsY]DOGANDHORSE: this pizza is delicious